MTF, lawful female human Valkyrie ----------- |.........| + + |.........| ## ## #.........<| # # ###|........(| ###### # -.--------- # # ### ###### # # # # ## ######## -------.------- --+--------## # # ###..............| |..........## ------.-|----- |[..u.........| |.>.......|## |............|#######...@..........| |..........#####-............-#######|.............| |.........| |............|# #.d............| |.......... --------------# --------------- ----------- # MTF the Skirmisher Experience level: 5 Strength: 18 Dexterity: 12 Constitution: 18 Intelligence: 10 Wisdom: 10 Charisma: 8 Health: 0(55) Energy: 13(13) Def: 11 Gold: 540 Moves: 3123 Dungeon seed: 8UK8gsqgpmSzkz9n Game ID: MTF_1499139766 Your Inventory: Coins $ - 540 gold pieces Weapons a - the blessed rustproof +1 Excalibur (weapon in hand) g - 8 +0 crossbow bolts j - a +0 orcish bow k - a +0 orcish dagger o - a +2 orcish dagger p - a +0 bow w - a +0 dagger B - a blessed +2 arrow Armor e - an uncursed +3 small shield (being worn) n - an uncursed +0 orcish helm (being worn) q - an uncursed +0 splint mail (being worn) r - an uncursed +0 orcish helm y - an uncursed +0 orcish helm Comestibles c - an uncursed food ration E - 2 uncursed lichen corpses F - an uncursed melon H - an uncursed egg I - an uncursed pancake Scrolls C - a blessed scroll of light Spellbooks h - an uncursed spellbook of invisibility l - an uncursed spellbook of slow monster s - an uncursed spellbook of stone to flesh Potions f - an uncursed potion of blindness t - 2 uncursed potions of paralysis u - an uncursed potion of extra healing v - an uncursed potion of speed J - an uncursed potion of fruit juice K - 2 uncursed potions of levitation Rings L - an uncursed magical ring of levitation Wands A - a wand of slow monster (0:4) G - a wand of teleportation (0:6) Tools d - an uncursed oil lamp (lit) (0:1425) m - a magic marker (0:51) Gems z - an uncursed worthless piece of green glass N - 2 uncursed worthless pieces of black glass Spells and supernatural/magical abilities: Name Level Category Fail Memory W - pray for help -- divine ? -- Your skills at the end: Fighting Skills wands [Basic] Weapon Skills dagger [Basic] long sword [Basic] Spellcasting Skills Final Attributes: You were piously aligned. You were cold resistant. You were level-drain resistant. You were stealthy. You are dead. Vanquished creatures: a large mimic an ape a soldier ant a rock piercer a shrieker a gnome lord a straw golem a homunculus 3 rothes an iguana an acid blob a hobbit a giant rat 2 cave spiders 2 red molds 9 jackals a kobold 4 goblins 6 sewer rats 3 grid bugs a bat 5 lichens a kobold zombie 4 newts 53 creatures vanquished. Voluntary challenges: You were an atheist. You used a wielded weapon 52 times, starting on turn 16. You read items or engraved 6 times, starting on turn 1004. You never genocided any monsters. You never polymorphed an object. You never changed form. You used no wishes. You never split a pudding. You wrote Elbereth's name 1 time, starting on turn 1004. You never violated your personal moral code. Dungeon overview: The Dungeons of Doom: levels 1 to 7 Level 1 a fountain a long staircase Level 2 some fountains Level 3 a vault stairs to The Gnomish Mines Level 4 an armor shop, a fountain Level 5 a fountain, a vault Level 6 a fountain Level 7 <- You were here The Gnomish Mines: Level 4 stairs to The Dungeons of Doom History has recorded: On T:1 you entered the Dungeons of Doom to retrieve the Amulet of Yendor! On T:460 you advanced to experience level 2. On T:520 you reached level 2 of The Dungeons of Doom. On T:987 you reached level 3 of The Dungeons of Doom. On T:1057 you advanced to experience level 3. On T:1363 you reached level 4 of The Dungeons of Doom. On T:1467 you reached level 1 of The Gnomish Mines. On T:1750 you advanced to experience level 4. On T:2018 you reached level 5 of The Dungeons of Doom. On T:2240 you advanced to experience level 5. On T:2464 you reached level 6 of The Dungeons of Doom. On T:2843 you reached level 7 of The Dungeons of Doom. Score breakdown: Gold: 540 ( 9297 points) Experience: 5 levels (11141 points) Exploration: 7 levels ( 14.58%) (10718 points) Discoveries: 1 item ( 0.40%) ( 1905 points) Valuables value: (no points given unless you survive) Artifact value: 4000 (12253 points) Variety of kills: 24 monsters ( 6.27%) ( 7509 points) Turncount: 3123 turns ( -659 points) Survival: died (score multiplied by 80%) Total score: 41731 Latest messages: You miss the iguana. The iguana bites the little dog. The little dog bites the iguana. You hit the iguana! You kill the iguana! You see here an iguana corpse. This iguana corpse tastes terrible! You finish eating the iguana corpse. You see here a leather armor. The gray unicorn misses. (3x) The gray unicorn kicks! You miss the gray unicorn. The gray unicorn butts! The gray unicorn kicks! You see here a leather armor. The gray unicorn misses. The gray unicorn just misses! You displace your little dog. The gray unicorn butts! The gray unicorn kicks! The gray unicorn butts! The gray unicorn kicks! You miss the gray unicorn. The gray unicorn butts! You die... Final status: Farvel MTF the Valkyrie, killed by a gray unicorn... You died in The Dungeons of Doom on dungeon level 7 with 41731 points, and 540 pieces of gold, after 3123 moves. You were level 5 with a maximum of 55 hit points when you died.